 Dungeon Crawl Stone Soup version 0.30-a0-852-g08b95dd62f (webtiles) character file.

Game seed: 16248899734495240212

2059 cforsyth the Thaumaturge (level 9, 0/67 HPs)
             Began as a Deep Elf Earth Elementalist on Mar 5, 2023.
             Was an Initiate of Vehumet.
             Succumbed to Amaemon's poison
             ... on level 7 of the Dungeon.
             The game lasted 00:12:23 (6354 turns).

cforsyth the Thaumaturge (DEEE)                     Turns: 6354, Time: 00:12:23

Health: 0/67       AC: 24    Str:  4 (5)  XL:     9   Next: 5%
Magic:  20/35      EV:  2    Int: 24 (25) God:    Vehumet [......]
Gold:   449        SH:  0    Dex: 14 (15) Spells: 17/30 levels left

rFire   . . .      SeeInvis .    (no weapon)
rCold   + . .      Faith    .    (no shield)
rNeg    . . .      Spirit   .    C - melded +0 steam dragon scales
rPois   +          Reflect  .    (helmet currently unavailable)
rElec   .          Rampage  .    (cloak currently unavailable)
rCorr   .          NoTele   +    A - melded +0 pair of gloves
Will    .....                    (boots currently unavailable)
Stlth   ++                       a - amulet of regeneration
HPRegen 1.11/turn                v - ring of magical power
MPRegen 0.24/turn                x - ring of protection from cold

@: mighty, lethally poisoned (0 -> -1), tree-form
A: stationary, stasis, torment immunity, boosted hp
a: Renounce Religion


You were on level 7 of the Dungeon.
You worshipped Vehumet.
Vehumet was noncommittal.
You were a tree.
You visited 2 branches of the dungeon, and saw 9 of its levels.

You collected 449 gold pieces.

Inventory:

Armour
 A - a +0 pair of gloves (melded)
 C - +0 steam dragon scales (melded)
Jewellery
 a - an amulet of regeneration (around neck)
 v - a ring of magical power (left branch)
 x - a ring of protection from cold (right branch)
 y - a ring of ice
Wands
 r - a wand of flame (9)
 u - a wand of light (12)
 B - a wand of iceblast (12)
Scrolls
 c - a scroll of magic mapping {unknown}
 f - 2 scrolls of noise {unknown}
 h - a scroll of amnesia {unknown}
 i - 3 scrolls of teleportation {unknown}
 j - 8 scrolls of identify {unknown}
 m - 3 scrolls of fear {unknown}
 o - a scroll of blinking {unknown}
 q - 2 scrolls of enchant armour {unknown}
 w - 3 scrolls of summoning {unknown}
 D - a scroll of poison {unknown}
Potions
 b - 2 potions of magic
 d - a potion of lignification
 e - a potion of berserk rage {unknown}
 g - a potion of heal wounds {unknown}
 k - a potion of might
 l - 2 potions of degeneration
 n - a potion of flight
 p - a potion of brilliance
 s - a potion of haste {unknown}
 z - a potion of resistance {unknown}


   Skills:
 - Level 2.4 Dodging
 - Level 2.4 Stealth
 + Level 11.3 Spellcasting
 - Level 1.1 Transmutations
 + Level 9.8 Earth Magic


You had 17 spell levels left.
You knew the following spells:

 Your Spells              Type           Power      Damage    Failure   Level
a - Sandblast             Erth           100%       2d20      1%          1
b - Stone Arrow           Conj/Erth      74%        3d11      1%          3
c - Lee's Rapid Deconstr  Erth           28%        3d15*     2%          5
d - Petrify               Tmut/Erth      39%        N/A       4%          4

Your spell library contained the following spells:

 Spells                   Type           Power      Damage    Failure   Level
 Passwall                 Tmut/Erth      32%        N/A       1%          2
 Summon Small Mammal      Summ           52%        N/A       4%          1
 Blink                    Tloc           26%        N/A       7%          2
 Ensorcelled Hibernation  Hex/Ice        26%        N/A       7%          2
 Call Canine Familiar     Summ           13%        N/A       14%         3
 Kindle Blastsparks       Fire/Tloc/Air  26%        2d12      14%         3
 Summon Guardian Golem    Hex/Summ       13%        N/A       14%         3
 Swiftness                Air            13%        N/A       14%         3
 Animate Dead             Necr           13%        N/A       43%         4
 Fulminant Prism          Conj/Hex       6%         3d7       43%         4
 Iskenderun's Mystic Bla  Conj/Tloc      13%        2d5       43%         4
 Manifold Assault         Tloc           13%        N/A       43%         4
 Summon Lightning Spire   Summ/Air       13%        N/A       43%         4
 Haunt                    Necr/Summ      6%         N/A       100%        7
 Storm Form               Tmut/Air       8%         N/A       100%        7
 Infestation              Necr           6%         N/A       100%        8
 Maxwell's Capacitive Co  Air            6%         ∞         100%        8


Dungeon Overview and Level Annotations

Branches:
Dungeon (8/15)             Temple (1/1) D:6
   Lair: D:8-11

Altars:
Dithmenos
Elyvilon
Fedhas
Hepliaklqana
Makhleb
Nemelex Xobeh
Okawaru
Qazlal
Ru
Sif Muna
Uskayaw
Vehumet
Xom
The Shining One

Shops:
D:7 ?

Annotations:
D:7 1 runed translucent door, Amaemon; ragingrage's ghost, novice DsDe


Message History

Amaemon claws you.
* * * LOW HITPOINT WARNING * * *
Amaemon barely misses you.
Unknown command.
You feel better. Amaemon barely misses you. Amaemon misses you. x2
It was a potion of degeneration.
There was something very wrong with that liquid.
You feel weakened.
You feel dopey.
You feel clumsy.
Amaemon hits you with a +1 demon whip of venom.
* * * LOW HITPOINT WARNING * * *
You are poisoned.
Amaemon claws you.
* * * LOW HITPOINT WARNING * * *
Amaemon tail-slaps you.
* * * LOW HITPOINT WARNING * * *
You are more poisoned.
Amaemon poisons you!
You feel better. Amaemon misses you. Amaemon closely misses you.
Amaemon tail-slaps you but does no damage.
Okay, then.
It was a potion of might.
You feel very mighty all of a sudden.
Amaemon hits you with a +1 demon whip of venom!
* * * LOW HITPOINT WARNING * * *
You are poisoned.
Amaemon claws you.
* * * LOW HITPOINT WARNING * * *
Amaemon barely misses you.
It was a potion of lignification.
You turn into a tree.
Your +0 pair of gloves melds into your body.
Your +0 steam dragon scales melds into your body.
Your roots penetrate the ground.
You feel sick.
Amaemon hits you with a +1 demon whip of venom.
* * * LOW HITPOINT WARNING * * *
Amaemon claws you but does no damage.
Amaemon tail-slaps you but does no damage.
Your magical contamination has completely faded away.
Unknown command.
It was a potion of flight.
Your roots keep you in place.
You die...

## .# .# .# .#
######### .#
#.......#
.#######.......####
.......+.>.....6♣.#
.#######.......##.#
.# #.......##.# .##
####.......##.# ..#
#..........##.# #.#
#.###'##+####.# #.#
#.# #.##.# #.# #.#
#.# #.##.# ##.#####
#.# #.#
#.##.###......#


You could see Amaemon.

Vanquished Creatures
  An orange demon (D:8)
  Eustachio (D:4)
  A steam dragon (D:7)
  2 water moccasins
  An ice beast (D:7)
  3 ogres
  A centaur (D:7)
  2 bullfrogs (D:7)
  Blork the orc (D:6)
  2 jellies (D:5)
  An orc priest (D:5)
  3 hounds
  5 iguanas
  A sleepcap (D:7)
  Natasha (thrice) (D:3)
  Robin (D:3)
  8 adders
  A shadow imp (D:5)
  A white imp (D:6)
  A worm (D:2)
  5 dart slugs
  16 orcs
  7 ball pythons
  8 bats
  11 endoplasms
  9 giant cockroaches
  15 goblins
  13 hobgoblins
  4 jackals (D:2)
  A quokka (D:1)
  2 frilled lizards
  8 kobolds
  2 rats (D:1)
141 creatures vanquished.

Vanquished Creatures (others)
  2 withered plants (D:7)
2 creatures vanquished.

Grand Total: 143 creatures vanquished

Notes
Turn   | Place    | Note
-------+----------+-------------------------------------------
     0 | D:1      | cforsyth the Deep Elf Earth Elementalist began the quest
                  | for the Orb.
     0 | D:1      | Reached XP level 1. HP: 10/10 MP: 6/6
   144 | D:1      | Reached XP level 2. HP: 15/15 MP: 0/8
   600 | D:1      | Reached skill level 4 in Spellcasting
   651 | D:1      | Reached XP level 3. HP: 19/19 MP: 8/10
  1352 | D:2      | Reached XP level 4. HP: 24/24 MP: 4/12
  1587 | D:2      | Reached skill level 5 in Spellcasting
  1865 | D:3      | Noticed Natasha
  1866 | D:3      | Killed Natasha
  1867 | D:3      | Reached skill level 5 in Earth Magic
  1867 | D:3      | Reached XP level 5. HP: 28/28 MP: 12/14
  2199 | D:3      | Noticed Robin
  2206 | D:3      | Killed Robin
  2219 | D:3      | Noticed Natasha
  2274 | D:3      | Killed Natasha
  2379 | D:3      | Noticed Natasha
  2384 | D:3      | Killed Natasha
  2385 | D:3      | Reached skill level 6 in Spellcasting
  2598 | D:4      | Noticed a water moccasin
  2602 | D:4      | HP: 1/28 [water moccasin (6)]
  2604 | D:4      | Killed a water moccasin
  2605 | D:4      | Reached XP level 6. HP: 10/32 MP: 11/17
  3083 | D:4      | Noticed Eustachio
  3246 | D:4      | Killed Eustachio
  3247 | D:4      | Reached skill level 7 in Spellcasting
  3247 | D:4      | Reached XP level 7. HP: 5/36 MP: 12/19
  3522 | D:4      | Found a burning altar of Makhleb.
  3580 | D:5      | Entered Level 5 of the Dungeon
  3619 | D:5      | Found a hide-covered altar of Uskayaw.
  3761 | D:5      | Found a hide-covered altar of Uskayaw.
  3852 | D:5      | Reached skill level 8 in Spellcasting
  4017 | D:5      | Found an iron altar of Okawaru.
  4172 | D:6      | Found a staircase to the Ecumenical Temple.
  4219 | Temple   | Entered the Ecumenical Temple
  4321 | Temple   | Became a worshipper of Vehumet
  4658 | D:6      | Found a hazy altar of Hepliaklqana.
  4853 | D:6      | Found a sacrificial altar of Ru.
  4874 | D:6      | Noticed Blork the orc
  4877 | D:6      | Killed Blork the orc
  5110 | D:6      | Reached skill level 9 in Spellcasting
  5129 | D:6      | Reached XP level 8. HP: 41/41 MP: 20/23
  5381 | D:7      | Found a shimmering blue altar of Sif Muna.
  5390 | D:7      | Reached skill level 10 in Spellcasting
  5512 | D:7      | Identified the +8 sling of Ru's Benevolence {elec, *Slow
                  | rCorr Int+6}
  5567 | D:7      | Found a runed translucent door.
  5567 | D:7      | Noticed ragingrage's ghost (novice DsDe)
  5719 | D:7      | Found Qiseps's Magic Scroll Shoppe.
  6109 | D:8      | Noticed Amaemon
  6109 | D:8      | Noticed an orange demon
  6112 | D:8      | Killed an orange demon
  6113 | D:8      | Reached skill level 11 in Spellcasting
  6113 | D:8      | Reached XP level 9. HP: 45/45 MP: 26/26
  6119 | D:7      | Learned a level 3 spell: Stone Arrow
  6125 | D:7      | Learned a level 5 spell: Lee's Rapid Deconstruction
  6130 | D:7      | Learned a level 4 spell: Petrify
  6346 | D:7      | HP: 1/45 [Amaemon/+1 demon whip of venom (4)]
  6353 | D:7      | HP: 1/67 [Amaemon/+1 demon whip of venom (6)]
  6354 | D:7      | Succumbed to Amaemon's poison

Illustrated notes

Levels and vault maps discovered:
D:1:      lemuel_arrival_room, layout_basic, corexii_corridor_pit
D:2:      layout_rooms, grunt_ministairs_4, serial_park_tiny_1,
          hangedman_abyss_or_decor_lesser_grid
D:3:      layout_basic, uniq_robin, uniq_natasha
D:4:      layout_loops_ring, mainiacjoe_overflow_boulevard, chequers_jeans,
          uniq_eustachio
D:5:      layout_cave_pools, nicolae_uskayaw_dance_hall,
          okawaru_altar_gauntlet_db, serial_park, serial_park_gazebo
          [serial_park_minivault_5x5_4], serial_park_tiny_pond,
          kennysheep_generic_room_2
D:6:      layout_basic, nicolae_ru_awakened_eye,
          mainiacjoe_overflow_tiny_flanked,
          minmay_temple_entry_drinking_statues, serial_glass, glass_columns_a,
          glass_columns_a, serial_bayou_pond_a, uniq_blork_the_orc
D:7:      layout_basic, mainiacjoe_overflow_concentric_impassable, serial_shops,
          nicolae_square_shop, gammafunk_ghost_grave
D:8:      layout_rooms, enter_ossuary_2, uniq_amaemon, uniq_grum
Temple:   nicolae_temple_slightly_damp_pantheon

Skill      XL: |  1  2  3  4  5  6  7  8 |
---------------+-------------------------+-----
Earth Magic    | 4 5 6 8 9 |  9.8
Spellcasting   | 4 5 6 7 9 11 | 11.3
Dodging        | |  2.4
Stealth        | |  2.4
Transmutations | |  1.1

Action                     |  1- 3 |  4- 6 |  7- 9 || total
---------------------------+-------+-------+-------++-------
  Melee: Unarmed           |       |     3 |     1 ||     4
   Cast: Sandblast         |    49 |    77 |    73 ||   199
         Stone Arrow       |       |       |     5 ||     5
    Use: Potion            |       |     3 |     8 ||    11
 Armour: Robe              |       |     1 |     2 ||     3
         Steam dragon scal |       |       |     4 ||     4
         Skin              |       |       |     2 ||     2
  Dodge: Dodged            |     4 |    17 |    36 ||    57

Table legend: (Time is in decaauts)
 A = Elapsed time spent in this place.
 B = Non-inter-level travel time spent in this place.
 C = Inter-level travel time spent in this place.
 D = Time resting spent in this place.
 E = Time spent auto-exploring this place.
 F = Levels seen in this place.
 G = Mean time per level.
                   A        B        C        D        E       F      G
               +--------+--------+--------+--------+--------+-----+--------+
         Total |   6454 |   6305 |    149 |    844 |   4508 |   9 |  717.1 |
       Dungeon |   6341 |   6202 |    139 |    844 |   4417 |   8 |  792.6 |
        Temple |    112 |    102 |     10 |      0 |     91 |   1 |  112.0 |
               +--------+--------+--------+--------+--------+-----+--------+

Top non-repeatable levels by time:
     D:1: 1209 daAuts
     D:7: 1115 daAuts
     D:4: 970 daAuts
     D:3: 873 daAuts
     D:5: 818 daAuts
     D:6: 754 daAuts
     D:2: 591 daAuts
  Temple: 112 daAuts
     D:8: 8 daAuts
